 Dungeon Crawl Stone Soup version 0.17.0-18-gaab0e96 (webtiles) character file.

385 HungrySpirit the Insei (level 6, -1/47 HPs)
             Began as a Draconian Transmuter on Nov 11, 2015.
             Was a Follower of Cheibriados.
             Slain by a wyvern zombie (5 damage)
             ... on level 4 of the Dungeon.
             The game lasted 00:07:46 (4478 turns).

HungrySpirit the Insei (Draconian Transmuter)       Turns: 4478, Time: 00:07:46

Health: -1/47      AC:  6    Str: 14    XL:     6   Next: 48%
Magic:  11/11      EV: 12    Int: 15    God:    Cheibriados [*.....]
Gold:   121        SH:  0    Dex: 16    Spells: 4 memorised, 0 levels left

rFire  . . .     SeeInvis .       - Unarmed
rCold  . . .     Clarity  .     (armour unavailable)
rNeg   . . .     SustAt   .     (no shield)
rPois  .         Gourm    .     (helmet restricted)
rElec  .         Spirit   .     (no cloak)
rCorr  .         Warding  .     (no gloves)
rMut   .         Stasis   .     (no boots)
MR     .....                    (no amulet)
Stlth  +.........               (no ring)
                                (no ring)

@: very slow, not resistant to hostile enchantments, very unstealthy
A: unfitting armour, cold-blooded, AC +6
a: Bend Time, Renounce Religion


You were on level 4 of the Dungeon.
You worshipped Cheibriados.
Cheibriados was aware of your devotion.
You were hungry.

You visited 1 branch of the dungeon, and saw 4 of its levels.

You collected 121 gold pieces.

Inventory:

Hand Weapons
 o - a +0 blowgun
Missiles
 a - 83 arrows
 p - 12 poisoned needles
 u - 14 poisoned arrows
Jewellery
 l - an uncursed amulet of guardian spirit {unknown}
 r - an uncursed ring of stealth {unknown}
Scrolls
 e - a scroll of enchant weapon {unknown}
 h - 3 scrolls of remove curse {unknown}
 i - 5 scrolls of identify {unknown}
 k - a scroll of fog {unknown}
 s - a scroll of immolation {unknown}
Potions
 j - a potion of flight {unknown}
Books
 b - a book of Changes

   Spells                             Type                      Level
   a - Beastly Appendage              Transmutation                1
   b - Sticks to Snakes               Transmutation                2
   c - Spider Form                    Transmutation/Poison         3
   d - Ice Form                       Ice/Transmutation            4
   e - Blade Hands                    Transmutation                5
 q - a book of Beasts

   Spells                             Type                      Level
   a - Summon Butterflies             Summoning                    1
   b - Call Canine Familiar           Summoning                    3
   c - Summon Ice Beast               Ice/Summoning                4
   d - Summon Mana Viper              Hexes/Summoning              5
   e - Summon Hydra                   Summoning                    7
Comestibles
 c - a bread ration
 d - 2 meat rations
 f - a slice of pizza
 g - 2 fruits


   Skills:
 + Level 1.2 Fighting
 - Level 1.7 Dodging
 * Level 5.0 Unarmed Combat
 + Level 3.4 Spellcasting
 * Level 4.4 Transmutations
 - Level 1.1 Poison Magic


You couldn't memorise any spells.
You knew the following spells:

 Your Spells              Type           Power        Failure   Level  Hunger
a - Beastly Appendage     Trmt           ###...       3%          1    None
b - Sticks to Snakes      Trmt           ###.......   6%          2    ##.....
c - Spider Form           Trmt/Pois      ##........   21%         3    ###....
d - Blade Hands           Trmt           ###.......   87%         5    ######.


Dungeon Overview and Level Annotations

Branches:
Dungeon (4/15)
 Temple: D:4-7

Altars:
Cheibriados
Xom
Zin

Shops:
D:2 *   D:4 :


Innate Abilities, Weirdness & Mutations

Your plain brown scales are hard (AC +6).
Your body does not fit into most forms of armour.
You are cold-blooded and may be slowed by cold attacks.


Message History

The wyvern zombie bites you.
* * * LOW HITPOINT WARNING * * *
The crimson imp closely misses you. The orc hits you.
* * * LOW HITPOINT WARNING * * *
Unknown command.
You barely miss the wyvern zombie. The wyvern zombie misses you.
The crimson imp hits you.
* * * LOW HITPOINT WARNING * * *
The orc misses you.
Unknown command.
Drink which item? (? for menu, Esc to quit)
It was a potion of cancellation.
Your magical effects are unravelling.
You feel magically purged. The wyvern zombie closely misses you.
The crimson imp blinks!
The orc hits you but does no damage.
Drink which item? (? for menu, Esc to quit)
It was a potion of cure mutation.
It has a very clean taste.
Your talons disappear.
The wyvern zombie closely misses you. The wyvern zombie bites you.
You die...

#.. # #.....# #... ...#
#. #.#.#.###.#####.###
.##.##.#.#.#............
.....#.......#.#####.###
.........#.###.#####.#
...........# #.......#
.......))..# #########
........$..#
#......@ยง#.#
##...#o.Z#.# ###....5..#
#.##.#..# #. #.#..# #
.....# .##.## .


You could see a crimson imp, an orc and a wyvern zombie.

Vanquished Creatures
  2 orc priests (D:3)
  A hound (D:3)
  Jessica (D:3)
  2 orc wizards (D:4)
  2 worker ants (D:4)
  9 adders
  3 worms
  2 giant geckos
  16 orcs
  A ball python (D:2)
  2 giant cockroaches
  10 goblins
  8 hobgoblins
  A quokka (D:3)
  3 bats
  3 giant newts
  8 kobolds
  A quokka skeleton (D:3)
  3 rats
78 creatures vanquished.

Vanquished Creatures (collateral kills)
  An orc (D:3)
1 creature vanquished.

Grand Total: 79 creatures vanquished

Notes
Turn   | Place    | Note
--------------------------------------------------------------
     0 | D:1      | HungrySpirit the Draconian Transmuter began the quest for the Orb.
     0 | D:1      | Reached XP level 1. HP: 16/16 MP: 3/3
   465 | D:1      | Reached XP level 2. HP: 21/23 MP: 3/5
   894 | D:2      | Learned a level 2 spell: Sticks to Snakes
  1192 | D:2      | Found a glowing silver altar of Zin.
  1192 | D:2      | Found Zin's Purification Station.
  1201 | D:2      | Reached XP level 3. HP: 25/28 MP: 6/6
  1678 | D:2      | Learned a level 3 spell: Spider Form
  1810 | D:2      | Reached XP level 4. HP: 25/35 MP: 7/7
  2228 | D:2      | Reached skill level 4 in Unarmed Combat
  2626 | D:3      | Reached XP level 5. HP: 13/40 MP: 5/9
  2903 | D:3      | Reached skill level 1 in Poison Magic
  3295 | D:3      | Found a shimmering altar of Xom.
  3390 | D:3      | Found a snail-covered altar of Cheibriados.
  3535 | D:3      | Became a worshipper of Cheibriados the Contemplative
  3650 | D:3      | Noticed Jessica
  3662 | D:3      | Killed Jessica
  3894 | D:4      | Reached XP level 6. HP: 47/47 MP: 8/10
  3943 | D:4      | Found Deong's Book Shoppe.
  4057 | D:4      | Reached skill level 5 in Unarmed Combat
  4392 | D:4      | Learned a level 5 spell: Blade Hands
  4446 | D:4      | Reached * piety under Cheibriados
  4472 | D:4      | HP: 2/47 [wyvern zombie (5)]
  4478 | D:4      | Slain by a wyvern zombie

Action                   |  1- 3 |  4- 6 || total
-------------------------+-------+-------++-------
Melee: Unarmed           |   113 |   212 ||   325
 Cast: Beastly Appendage |    17 |    22 ||    39
       Sticks to Snakes  |     1 |     5 ||     6
       Spider Form       |       |     3 ||     3
  Use: Potion            |       |     3 ||     3
 Stab: Sleeping          |     1 |     1 ||     2
  Eat: Chunk             |     2 |     6 ||     8
       Bread ration      |     1 |       ||     1
